 Dungeon Crawl Stone Soup version 0.28-a0-60-g54b5640690 (webtiles) character file.

Game seed: 16778606402769037714

744 quinnr the Arsonist (level 7, -5/48 HPs)
             Began as a Tengu Fire Elementalist on July 30, 2021.
             Was an Initiate of Vehumet.
             Slain by Spaninq's ghost (11 damage)
             ... on level 4 of the Dungeon.
             The game lasted 00:11:08 (6929 turns).

quinnr the Arsonist (Tengu Fire Elementalist)       Turns: 6929, Time: 00:11:09

Health: -5/48      AC: 23    Str:  8    XL:     7   Next: 76%
Magic:  8/14       EV:  2    Int: 18    God:    Vehumet [......]
Gold:   123        SH:  0    Dex: 14    Spells: 5/14 levels left

rFire   . . .      SeeInvis .   c - staff of cold
rCold   + . .      Faith    .   (no shield)
rNeg    + + +      Spirit   .   (armour currently unavailable)
rPois   +          Reflect  .   (helmet currently unavailable)
rElec   .          Harm     .   (cloak currently unavailable)
rCorr   .          Rampage  .   (gloves currently unavailable)
Will    .....      NoTele   +   (boots unavailable)
Stlth   ++........              (no amulet)
HPRegen 0.16/turn               (no ring)
MPRegen 0.14/turn               (no ring)

@: tree-form
A: stationary, stasis, torment immunity, boosted hp, (beak), (talons 3), nimble
flight, (iridescent scales 1), frail 1
a: Renounce Religion


You were on level 4 of the Dungeon.
You worshipped Vehumet.
Vehumet was noncommittal.
You were a tree.
You visited 1 branch of the dungeon, and saw 4 of its levels.

You collected 123 gold pieces.

Inventory:

Armour
 a - a +1 robe (melded)
Magical Staves
 c - a staff of cold (weapon)
 e - a staff of poison
Wands
 b - a wand of flame (31)
Scrolls
 d - 3 scrolls of enchant armour


   Skills:
 - Level 2.1 Dodging
 - Level 2.0 Stealth
 - Level 4.0 Spellcasting
 - Level 3.0 Conjurations
 + Level 8.4 Fire Magic


You had 5 spell levels left.
You knew the following spells:

 Your Spells              Type           Power      Damage    Failure   Level
a - Foxfire               Conj/Fire      96%        2x1d8     1%          1
b - Conjure Flame         Conj/Fire      24%        6-21      4%          3
c - Fireball              Conj/Fire      12%        3d7       36%         5

Your spell library contained the following spells:

 Spells                   Type           Power      Damage    Failure   Level
 Inner Flame              Hex/Fire       18%        N/A       8%          3
 Sticky Flame             Conj/Fire      24%        2d5       14%         4


Dungeon Overview and Level Annotations

Branches:
Dungeon (4/15)
 Temple: D:4-7

Altars:
Dithmenos
Gozag
Makhleb
Vehumet

Shops:
D:4 [

Annotations:
D:4 Spaninq's ghost, amateur TrCK


Innate Abilities, Weirdness & Mutations

You are a tree.
Your roots penetrate the ground, keeping you stationary.
You cannot be teleported.
You are immune to unholy pain and torment.
Your maximum health is greatly increased.
Your equipment is partially melded.
((You have a beak for a mouth.))
((You have claws for feet.))
Your magical nature lets you fly swiftly and evasively.
((You are partially covered in iridescent scales. (AC +2)))
You are frail. (-10% HP)


Message History

You hit Spaninq's ghost but do no damage.
Spaninq's ghost is lightly damaged.
Spaninq's ghost hits you but does no damage.
Unknown command.
Casting: Foxfire (safe; 1% risk of failure)
Confirm with . or Enter, or press ? or * to list all spells.
You conjure some foxfire!
Spaninq's ghost hits you but does no damage.
Unknown command.
Casting: Foxfire (safe; 1% risk of failure)
Confirm with . or Enter, or press ? or * to list all spells.
You conjure some foxfire!
The foxfire hits Spaninq's ghost but does no damage.
Spaninq's ghost is lightly damaged.
Spaninq's ghost hits you but does no damage.
Unknown command.
Casting: Foxfire (safe; 1% risk of failure)
Confirm with . or Enter, or press ? or * to list all spells.
You conjure some foxfire!
Spaninq's ghost hits you.
* * * LOW HITPOINT WARNING * * *
Unknown command.
Casting: Foxfire (safe; 1% risk of failure)
Confirm with . or Enter, or press ? or * to list all spells.
There is not enough space to conjure foxfire!
Unknown command.
Unknown command.
You hit Spaninq's ghost but do no damage.
Spaninq's ghost is lightly damaged.
The foxfire hits Spaninq's ghost!
Spaninq's ghost is moderately damaged.
The foxfire hits Spaninq's ghost but does no damage.
Spaninq's ghost is moderately damaged.
The foxfire hits Spaninq's ghost.
Spaninq's ghost is moderately damaged.
Spaninq's ghost hits you.
* * * LOW HITPOINT WARNING * * *
The foxfire hits Spaninq's ghost.
Spaninq's ghost is heavily damaged.
Spaninq's ghost hits you!
You die...

#.#.#.....©.....#..## #.#
#. #.#.#..##...##(.#...#
#.# #.
##.#.#..#8...8#..#.#.##
#.# #.
...#.#..##...##..#.#..#
#.# #.
####.#...........#....#
#.# #.
.....#©...$)....Z#....##
#.# #.
####.#############.....#
#.# #.
####.......©..MWv§.....##
#.# #.
.............###♣§......#
#.# #. #########...##
#§§....#.## #.# #. ####
##### #......#..# #.# ##
...# #......##.# #.#
...### #......##.###.#
...'.# #########..##.#
...#.# ##.##.# .###.#
#..#.# .# #.# ##.#.#


You could see a mummy, Spaninq's ghost (ally target) and a water moccasin
zombie.

Vanquished Creatures
  Sigmund (D:2)
  An ogre (D:4)
  2 phantoms (D:4)
  A scorpion (D:4)
  A crimson imp (D:3)
  2 hounds (D:4)
  2 bullfrog skeletons (D:4)
  Jessica (D:2)
  2 adders
  A gnoll (D:4)
  A white imp (D:3)
  An ufetubus (D:4)
  A dart slug (D:3)
  8 ball pythons
  11 endoplasms
  2 giant cockroaches
  4 goblins
  4 hobgoblins
  7 jackals
  4 quokkas
  5 bats
  5 frilled lizards
  10 kobolds
  4 rats (D:1)
81 creatures vanquished.

Vanquished Creatures (collateral kills)
  5 foxfires
5 creatures vanquished.

Vanquished Creatures (others)
  424 foxfires
424 creatures vanquished.

Grand Total: 510 creatures vanquished

Notes
Turn   | Place    | Note
-------+----------+-------------------------------------------
     0 | D:1      | quinnr the Tengu Fire Elementalist began the quest for the
                  | Orb.
     0 | D:1      | Reached XP level 1. HP: 10/10 MP: 4/4
   168 | D:1      | Reached XP level 2. HP: 15/15 MP: 3/6
   215 | D:1      | Reached skill level 4 in Fire Magic
   767 | D:1      | Reached XP level 3. HP: 19/19 MP: 4/7
   876 | D:1      | Learned a level 3 spell: Conjure Flame
  1279 | D:2      | Noticed Sigmund
  1319 | D:2      | Reached skill level 5 in Fire Magic
  1478 | D:2      | HP: 1/19 [rat (3)]
  1486 | D:1      | HP: 1/19 [kobold (1)]
  2289 | D:2      | Killed Sigmund
  2290 | D:2      | Reached skill level 7 in Fire Magic
  2290 | D:2      | Reached XP level 4. HP: 13/24 MP: 1/8
  2290 | D:2      | Gained mutation: Your magical nature lets you fly swiftly
                  | and evasively. [Tengu growth]
  2290 | D:2      | Reached XP level 5. HP: 15/28 MP: 1/9
  2720 | D:2      | Found a shadowy altar of Dithmenos.
  2870 | D:2      | Noticed Jessica
  2877 | D:2      | Killed Jessica
  2878 | D:2      | Reached XP level 6. HP: 22/32 MP: 4/10
  3696 | D:3      | Found an opulent altar of Gozag.
  4177 | D:3      | Learned a level 5 spell: Fireball
  4225 | D:3      | Found a radiant altar of Vehumet.
  4225 | D:3      | Found a burning altar of Makhleb.
  4255 | D:3      | Gained mutation: You are frail. (-10% HP) [potion of
                  | mutation]
  4255 | D:3      | Gained mutation: You are partially covered in iridescent
                  | scales. (AC +2) [potion of mutation]
  4394 | D:3      | Became a worshipper of Vehumet
  5028 | D:4      | Found a transporter.
  5028 | D:4      | Noticed Spaninq's ghost (amateur TrCK)
  5314 | D:4      | Found a transporter.
  5609 | D:4      | Reached XP level 7. HP: 32/32 MP: 1/12
  5892 | D:4      | Found Cuwuwk's Armour Shoppe.
  5903 | D:4      | Reached skill level 8 in Fire Magic
  6929 | D:4      | Slain by Spaninq's ghost

Illustrated notes

Levels and vault maps discovered:
D:1:      scummos_arrival_forest, layout_basic, hex_large
D:2:      layout_rooms, basic_altar, uniq_sigmund, uniq_jessica
D:3:      layout_loops_corners, grunt_temple_overflow_lords_of_destruction,
          nicolae_gozag_seed_capital
D:4:      layout_basic, serial_shops, shop, gammafunk_ghost_mausoleum,
          cheibrodos_gnoll_hut

Skill      XL: |  1  2  3  4  5  6  7 |
---------------+----------------------+-----
Fire Magic     | 4 7 8 |  8.4
Conjurations   | 3 |  3.0
Spellcasting   | 3 4 |  4.0
Dodging        | |  2.1
Stealth        | |  2.0

Action                   |  1- 3 |  4- 6 |  7- 9 || total
-------------------------+-------+-------+-------++-------
Melee: Unarmed           |     6 |    28 |       ||    34
       Kick              |     1 |     5 |     4 ||    10
       Staff             |       |     5 |    19 ||    24
       Peck              |       |     5 |     4 ||     9
 Cast: Foxfire           |   102 |   131 |    45 ||   278
       Conjure Flame     |       |     2 |     1 ||     3
  Use: Scroll            |     1 |     1 |     4 ||     6
       Potion            |       |     3 |     2 ||     5
Armor: Robe              |     7 |     5 |     8 ||    20
       Skin              |       |     6 |     6 ||    12
Dodge: Dodged            |    23 |    22 |    30 ||    75

Table legend: (Time is in decaauts)
 A = Elapsed time spent in this place.
 B = Non-inter-level travel time spent in this place.
 C = Inter-level travel time spent in this place.
 D = Time resting spent in this place.
 E = Time spent auto-exploring this place.
 F = Levels seen in this place.
 G = Mean time per level.
                   A        B        C        D        E       F      G
               +--------+--------+--------+--------+--------+-----+--------+
         Total |   6689 |   6433 |    256 |    470 |   5160 |   4 | 1672.2 |
       Dungeon |   6689 |   6433 |    256 |    470 |   5160 |   4 | 1672.2 |
               +--------+--------+--------+--------+--------+-----+--------+

Top non-repeatable levels by time:
     D:4: 1971 daAuts
     D:1: 1926 daAuts
     D:3: 1593 daAuts
     D:2: 1198 daAuts
